 Dungeon Crawl Stone Soup version 0.20-a0-738-gb057e68 (webtiles) character file.

120 polly the Slasher (level 4, 0/34 HPs)
             Began as a Demonspawn Gladiator on Feb 24, 2017.
             Slain by Sigmund
             ... wielding a +7 scythe of slicing
              (10 damage)
             ... on level 3 of the Dungeon.
             The game lasted 00:02:11 (2058 turns).

polly the Slasher (Demonspawn Gladiator)            Turns: 2058, Time: 00:02:12

Health: 0/34       AC:  4    Str: 16    XL:     4   Next: 75%
Magic:  4/4        EV: 13    Int:  9    God:
Gold:   124        SH:  0    Dex: 14    Spells: 3/3 levels left

rFire    . . .     SeeInvis .   a - +0 long sword
rCold    + . .     Gourm    .   b - +0 leather armour
rNeg     . . .     Faith    .   (no shield)
rPois    .         Spirit   .   c - +0 helmet
rElec    .         Reflect  .   (no cloak)
rCorr    .         Harm     .   (no gloves)
MR       .....                  (no boots)
Stlth    +.........             (no amulet)
Regen    0.2/turn               (no ring)
MPRegen  0.1/turn               (no ring)

@: no status effects
A: cold resistance 1, spiny 2
a: no special abilities


You were on level 3 of the Dungeon.
You were not hungry.

You visited 1 branch of the dungeon, and saw 3 of its levels.

You collected 124 gold pieces.

Inventory:

Hand Weapons
 a - a +0 long sword (weapon)
Missiles
 d - 3 throwing nets (quivered)
Armour
 b - a +0 leather armour (worn)
 c - a +0 helmet (worn)
 r - a +3 ring mail
Scrolls
 g - 4 scrolls of remove curse {unknown}
 h - a scroll of blinking {unknown}
 j - a scroll of magic mapping {unknown}
 k - a scroll of fog {unknown}
 l - 4 scrolls of teleportation {unknown}
 t - a scroll of random uselessness {unknown}
 u - a scroll of identify {unknown}
Potions
 e - a potion of flight {unknown}
 m - 2 potions of mutation {unknown}
 p - a potion of lignification {unknown}
Books
 q - a book of Misfortune

   Spells                             Type                      Level
   a - Confusing Touch                Hexes                        1
   b - Confuse                        Hexes                        3
   c - Gell's Gravitas                Translocation                3
   d - Petrify                        Transmutation/Earth          4
   e - Metabolic Englaciation         Hexes/Ice                    5
   f - Yara's Violent Unravelling     Hexes/Transmutation          5
 v - a book of Cantrips

   Spells                             Type                      Level
   a - Confusing Touch                Hexes                        1
   b - Animate Skeleton               Necromancy                   1
   c - Summon Small Mammal            Summoning                    1
   d - Apportation                    Translocation                1
Comestibles
 f - a bread ration
 n - a meat ration
 o - 3 fruits
 s - a royal jelly


   Skills:
 + Level 2.6 Fighting
 + Level 3.7 Long Blades
 + Level 2.0 Throwing
 + Level 1.1 Armour
 + Level 3.4 Dodging
 + Level 0.4 Stealth


You had 3 spell levels left.
You didn't know any spells.

Dungeon Overview and Level Annotations

Branches:
Dungeon (3/15)

Altars:
Elyvilon

Annotations:
D:3 Sigmund


Innate Abilities, Weirdness & Mutations

Your flesh is cold resistant. (rC+)
You are mostly covered in sharp spines.


Message History

Sigmund is moderately wounded.
Sigmund casts a spell at you. You resist with some effort.
You closely miss Sigmund.
Sigmund is moderately wounded.
Sigmund drinks a potion.
Sigmund flickers and vanishes!
Deactivating autopickup; reactivate with Ctrl-A.
You miss something. Something hits you!
* * * LOW HITPOINT WARNING * * *
x2 You closely miss something.
Something barely misses you.
Unknown command.
You feel better.
Throwing (i - inventory):
d - 3 throwing nets (quivered)
Press: ? - help, Shift-Dir - straight line, f - you Really target yourself?
Okay, then.
Unknown command.
Unknown command.
Something hits you!
You die...

##..'.._..'.# #.# #.#.#
##.###.###.# #.# #.#.##### #.#
#.# #.## #.# #.#...†..
###.###+###..# #.# ##.#.####.
.##..........# #.# #......)..
....##.......# #.####.........
.#####.......# #...<....#.#...
.#####.......############.(.>....
.'...........'{)@....((....#.#...
.#.###.......############........
.#.# #.......# #.......# .#.#
######### ######### .#.# .#.#
.#.# ##)# #.#


There were no monsters in sight!

Vanquished Creatures
  Terence (D:2)
  An adder (D:3)
  An ooze (D:3)
  2 worms (D:2)
  2 dart slugs
  3 leopard geckos
  An orc (D:3)
  3 giant cockroaches
  7 goblins
  6 hobgoblins
  12 jackals
  2 quokkas (D:2)
  2 bats
  6 frilled lizards
  5 kobolds
  10 rats
64 creatures vanquished.

Notes
Turn   | Place    | Note
-------+----------+-------------------------------------------
     0 | D:1      | polly the Demonspawn Gladiator began the quest for the Orb.
     0 | D:1      | Reached XP level 1. HP: 16/16 MP: 1/1
   162 | D:1      | Gained mutation: You are partially covered in sharp spines. [demonic ancestry]
   162 | D:1      | Reached XP level 2. HP: 22/22 MP: 2/2
   764 | D:2      | Gained mutation: Your flesh is cold resistant. (rC+) [demonic ancestry]
   764 | D:2      | Reached XP level 3. HP: 27/27 MP: 3/3
  1282 | D:2      | Noticed Terence
  1293 | D:2      | Killed Terence
  1293 | D:2      | Reached skill level 1 in Armour
  1293 | D:2      | Gained mutation: You are mostly covered in sharp spines. [demonic ancestry]
  1293 | D:2      | Reached XP level 4. HP: 14/34 MP: 4/4
  1796 | D:3      | Found a white marble altar of Elyvilon.
  2013 | D:3      | Noticed Sigmund
  2055 | D:3      | HP: 1/34 [something (3)]
  2058 | D:3      | Slain by Sigmund

Vault maps used:
D:1:      dpeg_arrival_radiant, minmay_misc_feat_nine_boxes,
          minmay_small_reverse_x
D:2:      uniq_terence
D:3:      lemuel_doored_altar, kennysheep_cross_bottleneck, st_stairs_14,
          uniq_sigmund

Skill      XL: |  1  2  3 |
---------------+----------+-----
Throwing       | 2 |  2.0
Dodging        | 3 |  3.4
Long Blades    | 3 |  3.7
Armour         | 1 |  1.1
Fighting       | |  2.6
Stealth        | |  0.4

Action                   |  1- 3 |  4- 6 || total
-------------------------+-------+-------++-------
Melee: Long sword        |    82 |    34 ||   116
  Use: Potion            |       |     2 ||     2
 Stab: Sleeping          |     1 |       ||     1
  Eat: Chunk             |     1 |     3 ||     4
Armor: Leather armour    |    23 |     6 ||    29
Dodge: Dodged            |    55 |    22 ||    77
       Rpst.: Long sword |    25 |     6 ||    31
